cohdb
Replays
Latest Replays
All Replays
Popular Replays
Top Player Replays
Match Explorer
How It Works
Community
CoH3 Stats
Reddit
Sign in to upload your games and track your stats! →
Sign in with Steam
Match 47248283
Unlisted
Match 47248283
Overview
Messages
Build Orders
End
Construct Infanterie Kompanie
Pioneer Squad
MG 42 Machine Gun Team
Grenadier Squad
GrW 34 Mortar Team
Grenadier Squad
Construct Luftwaffe Kompanie
Jäger Squad
Medical Bunker
Flak 30 Anti-aircraft Gun Team
221 Scout Car
Selects Mechanized Battlegroup
Selects Mobile Repair Stations
Selects Wespe Self-propelled Artillery
Wespe Self-propelled Artillery
Support Elements
Marder III M Tank Destroyer
Marder III M Tank Destroyer
Jäger Squad
Wespe Self-propelled Artillery
MG 42 Machine Gun Team
Flak 30 Anti-aircraft Gun Team
Selects Raid Package
Selects StuG Assault Group
Selects UNKNOWN (2160084)
MG 42 Machine Gun Team
welnez
Beary bear
Lord Ludwig
likewind3
波菜
PlammX
Belfegor ๏̯͡๏
고구마줄거리
0
0
Comments
sign in to comment!
No comments posted yet!